 Dungeon Crawl Stone Soup version 0.21-a0-28-g9a7844a (webtiles) character file.

4554 ArtsTyrian the Skirmisher (level 9, -4/82 HPs)
             Began as a Demigod Wanderer on May 26, 2017.
             Slain by a two-headed ogre
             ... wielding a +0 giant club
              (9 damage)
             ... on level 9 of the Dungeon.
             The game lasted 01:45:40 (13395 turns).

ArtsTyrian the Skirmisher (Demigod Wanderer)       Turns: 13395, Time: 01:45:40

Health: -4/82      AC:  7    Str: 21      XL:     9   Next: 97%
Magic:  16/17      EV: 11    Int: 15      God:
Gold:   454        SH:  0    Dex: 11 (14) Spells: 12/14 levels left

rFire    . . .     SeeInvis .   D - staff of death
rCold    . . .     Gourm    .   (no shield)
rNeg     + . .     Faith    .   a - +2 scale mail
rPois    .         Spirit   .   j - +0 helmet
rElec    .         Reflect  .   (no cloak)
rCorr    +         Harm     .   (no gloves)
MR       .....                  (no boots)
Stlth    ++........             w - amulet of magic regeneration (curse)
Regen    0.3/turn               m - ring of stealth
MPRegen  0.3/turn               k - ring of resist corrosion

@: no status effects
A: hooves 1, clumsy 1, deformed body, high mp 1, mutation resistance 1, robust
1, wild magic 1
a: no special abilities


You were on level 9 of the Dungeon.
You were not hungry.

You visited 2 branches of the dungeon, and saw 10 of its levels.
You also visited: Sewer.

You collected 454 gold pieces.

Inventory:

Hand Weapons
 f - a +0 short sword of electrocution
 i - a +0 spear of piercing
 A - a +1 war axe of chopping
Missiles
 e - 154 stones
 u - 4 exploding tomahawks (quivered)
Armour
 a - a +2 scale mail (worn)
 j - a +0 helmet (worn)
 q - a +0 helmet
 E - a +0 helmet
Magical Staves
 o - an uncursed staff of wizardry {unknown}
 t - an uncursed staff of air
 D - an uncursed staff of death (weapon)
Jewellery
 k - a ring of resist corrosion (right hand)
 l - an uncursed ring of protection from cold
 m - a ring of stealth (left hand)
 w - a cursed amulet of magic regeneration (around neck)
Wands
 d - a wand of lightning (0/15)
 s - a wand of lightning (5/15)
 x - a wand of flame (0/48)
Scrolls
 g - a scroll of enchant armour
 n - a scroll of vulnerability {unknown}
 v - 2 scrolls of magic mapping
 y - a scroll of recharging
Potions
 b - 3 potions of curing
 h - a potion of brilliance
 z - a potion of flight
 F - a potion of degeneration {unknown}
Books
 c - the Almanac of Stolen Souls

   Spells                             Type                      Level
   a - Pain                           Necromancy                   1
   b - Vampiric Draining              Necromancy                   3
 C - a book of Debilitation

   Spells                             Type                      Level
   a - Corona                         Hexes                        1
   b - Slow                           Hexes                        2
   c - Inner Flame                    Hexes/Fire                   3
   d - Portal Projectile              Hexes/Translocation          3
   e - Cause Fear                     Hexes                        4
   f - Leda's Liquefaction            Hexes/Earth                  4
Comestibles
 p - a meat ration
 r - 4 royal jellies
 B - 2 bread rations


   Skills:
 * Level 5.7 Fighting
 + Level 4.4 Axes
 * Level 4.2 Staves
 + Level 5.5 Armour
 + Level 3.7 Dodging
 + Level 3.4 Stealth
 + Level 3.1 Spellcasting
 + Level 0.6 Hexes
 * Level 5.2 Necromancy
   Level 1.7 Fire Magic
 * Level 4.3 Evocations


You had 12 spell levels left.
You knew the following spells:

 Your Spells              Type           Power        Failure   Level  Hunger
a - Corona                Hex            #......      45%         1    #......
b - Pain                  Necr           ####         9%          1    #......


Dungeon Overview and Level Annotations

Branches:
Dungeon (9/15)             Temple (1/1) D:4
   Lair: D:8-11         Orc: D:9-12


Innate Abilities, Weirdness & Mutations

You have an increased reservoir of magic. (+10% MP)
You have large cloven feet.
You are clumsy. (Dex -2)
Armour fits poorly on your strangely shaped body.
You are somewhat resistant to further mutation.
You are robust. (+10% HP)
Your spells are a little harder to cast, but a little more powerful.


Message History

Aiming: Pain
Press: ? - help, Shift-Dir - straight line, f/p - two-headed ogre
Aim: a two-headed ogre, wielding two giant clubs (moderately wounded, chance to defeat MR: 71%)
You feel a surge of power!
The two-headed ogre writhes in agony!
You hit the two-headed ogre.
The two-headed ogre is heavily wounded.
The two-headed ogre hits you with a giant club!!
The two-headed ogre hits you with a giant club.
You hit the two-headed ogre.
The two-headed ogre writhes in agony!
You kick the two-headed ogre, but do no damage.
The two-headed ogre is severely wounded.
The two-headed ogre hits you with a giant club!!
The two-headed ogre hits you with a giant club!
* * * LOW HITPOINT WARNING * * *
There is a stone staircase leading up here.
You see here a scroll labeled FADGHA PUNOYFA.
The two-headed ogre hits you with a giant club!
* * * LOW HITPOINT WARNING * * *
The two-headed ogre hits you with a giant club!
You die...

#...>.........#
#...<.........#
#.............#
#.............#
#..)..........#
#>............# #
#......?......#..#
#........O......#
#.......!.@...#.
######.####...#
#.# ##...# #.. ..#
### .# #


You could see a two-headed ogre.

Vanquished Creatures
  A hippogriff (D:6)
  A hungry ghost (D:7)
  4 hogs (D:7)
  A human (D:7)
  3 orc warriors
  3 sky beasts
  A phantom (D:8)
  2 ogres
  3 centaurs
  5 bullfrogs
  A wyvern zombie (D:8)
  A wyvern skeleton (D:6)
  5 scorpions
  6 crimson imps
  A jelly (D:6)
  A quasit (D:7)
  A centaur zombie (D:8)
  A gnoll shaman (D:6)
  6 orc priests
  A bullfrog skeleton (D:7)
  3 hounds
  13 orc wizards
  A centaur skeleton (D:8)
  2 iguanas
  9 worker ants
  A hound skeleton (D:8)
  A worker ant zombie (D:6)
  10 gnolls
  14 adders
  A river rat (D:4)
  3 shadow imps
  14 oozes
  An adder zombie (D:5)
  2 worms
  3 dart slugs
  18 leopard geckos
  35 orcs
  13 ball pythons
  6 bats
  18 giant cockroaches
  2 gnoll zombies (D:4)
  13 goblins
  7 hobgoblins
  7 jackals
  9 kobolds
  3 quokkas
  12 frilled lizards
  3 leopard gecko skeletons
  2 quokka skeletons
  A quokka zombie (D:6)
  9 rats
284 creatures vanquished.

Vanquished Creatures (others)
  An orc wizard (D:6)
1 creature vanquished.

Grand Total: 285 creatures vanquished

Notes
Turn   | Place    | Note
-------+----------+-------------------------------------------
     0 | D:1      | ArtsTyrian the Demigod Wanderer began the quest for the Orb.
     0 | D:1      | ArtsTyrian set off with: a +2 scale mail, a potion of curing, the Almanac of Stolen Souls, a +0 dagger, a bread ration
     0 | D:1      | Reached XP level 1. HP: 17/17 MP: 3/3
     0 | D:1      | Identified the Almanac of Stolen Souls
   381 | D:1      | Reached XP level 2. HP: 24/24 MP: 5/5
  1193 | D:2      | Reached XP level 3. HP: 8/30 MP: 6/6
  1424 | D:2      | Reached skill level 1 in Dodging
  2311 | D:3      | Reached XP level 4. HP: 32/37 MP: 7/7
  2458 | D:3      | Found an iron altar of Okawaru.
  2519 | D:3      | Reached XP level 5. HP: 44/44 MP: 8/8
  3113 | D:4      | Found a snail-covered altar of Cheibriados.
  3128 | D:4      | HP: 2/45 [orc priest/divine providence (10)]
  3130 | D:4      | Gained mutation: Armour fits poorly on your strangely shaped body. [potion of mutation]
  3130 | D:4      | Gained mutation: Your spells are a little harder to cast, but a little more powerful. [potion of mutation]
  3130 | D:4      | Gained mutation: You are robust. (+10% HP) [potion of mutation]
  3133 | D:4      | HP: 2/49 [orc priest (1)]
  3356 | D:4      | Found a burning altar of Makhleb.
  3453 | D:4      | Reached XP level 6. HP: 13/56 MP: 9/9
  3560 | D:4      | Found a glowing drain.
  3564 | Sewer    | Entered a sewer
  4125 | D:4      | Found a basalt altar of Yredelemnul.
  4167 | D:4      | Reached XP level 7. HP: 62/62 MP: 10/10
  4376 | D:4      | Found a staircase to the Ecumenical Temple.
  4382 | Temple   | Entered the Ecumenical Temple
  4509 | D:4      | Found an ancient bone altar of Kikubaaqudgha.
  4511 | D:4      | Found a blossoming altar of Fedhas.
  4681 | D:5      | Entered Level 5 of the Dungeon
  5145 | D:5      | Found a radiant altar of Vehumet.
  5193 | D:5      | Found a shattered altar of Ashenzari.
  5220 | D:5      | Learned a level 1 spell: Corona
  5261 | D:5      | Learned a level 1 spell: Pain
  5729 | D:5      | Gained mutation: You are somewhat resistant to further mutation. [mutagenic glow]
  5866 | D:5      | Reached skill level 1 in Staves
  5870 | D:5      | Gained mutation: You have large cloven feet. [mutagenic meat]
  6752 | D:6      | Found a deep blue altar of Sif Muna.
  6831 | D:6      | Reached skill level 1 in Spellcasting
  6831 | D:6      | Reached XP level 8. HP: 45/72 MP: 8/12
  7483 | D:6      | Found a hazy altar of Hepliaklqana.
  7860 | D:6      | Noticed a hippogriff
  7872 | D:6      | Killed a hippogriff
  8810 | D:6      | Reached XP level 9. HP: 37/80 MP: 12/15
  9628 | D:8      | Reached skill level 5 in Fighting
  9679 | D:8      | Found a glowing golden altar of the Shining One.
  9881 | D:8      | Found an opulent altar of Gozag.
 10015 | D:8      | Gained mutation: You are clumsy. (Dex -2) [mutagenic meat]
 10776 | D:7      | Reached skill level 5 in Armour
 12251 | D:7      | Reached skill level 5 in Necromancy
 13229 | D:9      | Found an iron altar of Okawaru.
 13378 | D:9      | Noticed a two-headed ogre
 13395 | D:9      | Slain by a two-headed ogre

Vault maps used:
D:1:      minmay_arrival_diagonal_passages
D:2:      serial_aquarium, aquarium_bridge_island_small, aquarium_bridge_square,
          aquarium_window_corridor_1, aquarium_window_1, aquarium_window_1,
          aquarium_window_corner, aquarium_view_2c, aquarium_view_2d
D:3:      old_standard_altar, serial_glass, glass_columns_c, glass_columns_a,
          glass_columns_b, glass_columns_b, glass_columns_a, glass_columns_a,
          glass_columns_c, glass_columns_a, glass_columns_a, glass_columns_a,
          glass_columns_a, glass_columns_b, glass_columns_a, glass_columns_b
D:4:      grunt_temple_overflow_growth_and_decay,
          lemuel_zombie_altar_yredelemnul, makhleb_heckhound_becter,
          cheibriados_altar_1, minmay_temple_entry_enclosed_plants,
          portal_sewer_entry_e, first_bread
D:5:      minmay_diamond_boxcup, lemuel_doored_altar, kennysheep_mini_moat
D:6:      kennysheep_little_box, lemuel_blue_sif_altar
D:7:      grunt_livestock
D:8:      nicolae_gozag_cash_rules_everything_around_me, basic_altar,
          hangedman_decor_growths
D:9:      minitemple, okawaru_ov_weapons_minmay
Temple:   kb_temple_of_zot
Sewer:    sewer_frog_island_02

Skill      XL: |  1  2  3  4  5  6  7  8  9 |
---------------+----------------------------+-----
Armour         | 2 3 4 5 |  5.5
Fighting       | 2 3 4 5 |  5.7
Dodging        | 1 2 3 |  3.7
Stealth        | 2 3 |  3.4
Axes           | 3 4 |  4.4
Staves         | 2 4 |  4.2
Necromancy     | 2 4 5 |  5.2
Spellcasting   | 1 2 3 |  3.1
Evocations     | 3 4 |  4.3
Hexes          | |  0.6
Fire Magic     | |  1.7

Action                   |  1- 3 |  4- 6 |  7- 9 || total
-------------------------+-------+-------+-------++-------
Melee: Dagger            |   142 |       |       ||   142
       Short sword       |    70 |    42 |       ||   112
       War axe           |       |   215 |   241 ||   456
       Staff             |       |       |   673 ||   673
       Kick              |       |       |   207 ||   207
 Cast: Pain              |       |       |   142 ||   142
       Corona            |       |       |    16 ||    16
Evoke: Wand              |       |       |    49 ||    49
  Use: Potion            |       |    10 |     9 ||    19
       Scroll            |       |       |    27 ||    27
 Stab: Invisible         |       |     5 |     9 ||    14
       Sleeping          |       |       |     4 ||     4
       Distracted        |       |       |     1 ||     1
  Eat: Bread ration      |     1 |       |     4 ||     5
       Chunk             |       |     2 |    27 ||    29
       Meat ration       |       |     1 |     2 ||     3
       Royal jelly       |       |     1 |       ||     1
Armor: Scale mail        |   131 |   132 |   459 ||   722
Dodge: Dodged            |   106 |   168 |   672 ||   946
